 Dungeon Crawl Stone Soup version 0.30.0-5-g1a98f26d00 (webtiles) character file.

Game seed: 7206507442268888845

8886 SnakkuSnakku7 the Basher (level 11, -5/108 (109) HPs)
             Began as a Vampire Hedge Wizard on May 12, 2023.
             Was a Priest of Ru.
             Slain by Fannar
             ... wielding a staff of cold
              (8 damage)
             ... on level 10 of the Dungeon.
             The game lasted 00:15:38 (8523 turns).

SnakkuSnakku7 the Basher (Vampire Hedge Wizard)     Turns: 8523, Time: 00:15:39

HP:   -5/108 (109)  AC: 19    Str: 19    XL:     11   Next: 15%
MP:   15/15         EV:  6    Int: 17    God:    Ru [***...]
Gold: 198           SH:  0    Dex: 14    Spells: 15/16 levels left

rFire   . . .        a - +5 hammer "Gram" {elec, rElec}
rCold   . . .        (no shield)
rNeg    . . .        q - +0 plate armour
rPois   .            n - +1 helmet
rElec   +            A - +0 cloak
rCorr   .            b - +0 pair of gloves
SInv    +            j - +0 pair of boots
Will    +....        (no amulet) Stlth
                     E - +6 ring of strength
HPRegen 0.58/turn    I - +4 ring of protection
MPRegen 0.14/turn

%: no passive effects
@: berserking (expiring), exhausted, healing quickly, lightly drained, very
quick
A: alive, fangs 3, see invisible, inability to use devices, missing an eye,
vampiric 2
a: Exsanguinate, Renounce Religion, Draw Out Power


You were on level 10 of the Dungeon.
You worshipped Ru.
Ru was most pleased with you.
You visited 1 branch of the dungeon, and saw 10 of its levels.
You also visited: Ossuary.

You collected 472 gold pieces.
You spent 274 gold pieces at shops.

Inventory:

Hand Weapons
 a - the +5 hammer "Gram" (weapon) {elec, rElec}
   (You found it on level 4 of the Dungeon)

   rElec:     It insulates you from electricity.
 e - a -2 demon whip of venom
Missiles
 t - 5 poisoned darts (quivered)
Armour
 b - a +0 pair of gloves (worn)
 j - a +0 pair of boots (worn)
 n - a +1 helmet (worn)
 q - a +0 plate armour (worn)
 A - a +0 cloak (worn)
Jewellery
 B - a ring of protection from cold
 E - a +6 ring of strength (left hand)
 I - a +4 ring of protection (right hand)
 J - a ring of wizardry
Scrolls
 g - a scroll of fog
 l - 4 scrolls of teleportation
 m - a scroll of poison
 v - 2 scrolls of magic mapping
 x - a scroll of brand weapon
 C - 2 scrolls of immolation
 H - 2 scrolls of vulnerability
Potions
 d - a potion of magic
 h - a potion of resistance
 i - 3 potions of attraction {unknown}
 p - 2 potions of haste
 r - 3 potions of brilliance
 u - 6 potions of flight {unknown}
 w - a potion of cancellation
 D - a potion of invisibility
 F - a potion of berserk rage
 M - a potion of curing
 N - a potion of lignification


   Skills:
 - Level 2.3 Fighting
 + Level 13.5 Maces & Flails
 - Level 2.7 Throwing
 - Level 2.1 Dodging
 - Level 3.0 Stealth
 - Level 4.1 Unarmed Combat
 - Level 3.0 Spellcasting
 - Level 0.6 Conjurations
 - Level 1.0 Summonings
 - Level 0.7 Translocations


You had 15 spell levels left.
You knew the following spells:

 Your Spells              Type           Power      Damage    Failure   Level
a - Magic Dart            Conj           16%        1d3       99%         1

Your spell library contained the following spells:

 Spells                   Type           Power      Damage    Failure   Level
 Summon Small Mammal      Summ           20%        N/A       99%         1
 Slow                     Hex            8%         N/A       100%        1
 Blink                    Tloc           10%        N/A       100%        2
 Call Imp                 Summ           10%        N/A       100%        2
 Cigotuvi's Dreadful Rot  Necr/Pois/Air  4%         N/A       100%        2
 Lesser Beckoning         Tloc           10%        N/A       100%        2
 Searing Ray              Conj           8%         2d4       100%        2
 Call Canine Familiar     Summ           5%         N/A       100%        3
 Gell's Gravitas          Tloc           5%         N/A       100%        3
 Mephitic Cloud           Conj/Pois/Air  3%         N/A       100%        3
 Summon Guardian Golem    Hex/Summ       4%         N/A       100%        3
 Teleport Other           Tloc           5%         N/A       100%        3
 Fulminant Prism          Conj/Hex       1%         3d5       100%        4


Dungeon Overview and Level Annotations

Branches:
Dungeon (10/15)            Temple (0/1) D:5            Lair (0/5) D:8
Ossuary (visited)
    Orc: D:9-12

Altars:
Kikubaaqudgha
Makhleb
Okawaru
Ru
Uskayaw

Shops:
D:1 !   D:5 !

Annotations:
D:4 3 runed translucent doors, Voxie's ghost, amateur GrBe
D:7 2 transporters, LobsterGuardian's ghost, novice HOMo
D:10 Fannar; Snorg


Innate Abilities, Weirdness & Mutations

Your natural rate of healing is accelerated.
You have razor-sharp teeth.
You have supernaturally acute eyesight. (SInv)
You cannot study or use magical devices.
You are missing an eye, making it more difficult to aim.
You are afflicted with vampirism and can become a bat while bloodless.


Message History

* * * LOW HITPOINT WARNING * * *
Fannar freezes you!
* * * LOW HITPOINT WARNING * * *
You barely miss Fannar. Your punch misses Fannar.
Fannar is moderately wounded.
You closely miss Fannar.
Fannar is moderately wounded.
Fannar brushes some snowflakes from their robe.
Fannar hits you but does no damage. Fannar freezes you!
* * * LOW HITPOINT WARNING * * *
You miss Fannar.
Fannar is moderately wounded.
You sock Fannar! Your bite misses Fannar.
Fannar is moderately wounded.
Fannar hits you but does no damage. Fannar freezes you!
* * * LOW HITPOINT WARNING * * *
You miss Fannar.
Fannar is moderately wounded.
Unknown command.
You thump Fannar! Your bite misses Fannar.
Fannar is heavily wounded.
You miss Fannar.
Fannar is heavily wounded.
Fannar barely misses you.
You redirect the ice beast's attack!
The ice beast hits itself.
You hit Fannar. Your punch misses Fannar.
Fannar is heavily wounded.
Fannar mumbles some strange words.
Fannar drains the heat from the surrounding environment!
Unknown command.
You miss Fannar.
Fannar is heavily wounded.
The ice beast barely misses you.
You miss Fannar. Your bite misses Fannar.
Fannar is heavily wounded.
You sock Fannar! Lightning courses through Fannar!
Fannar is almost dead.
Fannar hits you but does no damage. Fannar freezes you!
You die...

## .# .# .#
###################
..(............e..#
..#.........#..Y@.#
.O#.e.......#..#..#
..#...#.#...#..#..#
..#...e.....#..#..#
.e#...#.#...#..#..#
.(#$........#e.#..#
.Y#......O..#..#..#
.(.............#..#
################


You could see Fannar (strong) and an ice beast (summoned).

Vanquished Creatures
  2 two-headed ogres (D:10)
  Amaemon (D:8)
  Pikel (D:5)
  A cyclops (D:10)
  An orange demon (D:8)
  Psyche (D:8)
  A hornet (D:8)
  Grinder (D:5)
  9 yaks
  A steam dragon (D:8)
  2 acid dragons (D:9)
  6 water moccasins
  2 orc warriors
  3 sky beasts
  2 black bears
  2 ice beasts (D:6)
  A lemure (D:5)
  4 centaurs
  A scorpion (D:5)
  7 bullfrogs
  2 water moccasin zombies (Ossuary)
  8 wights
  4 killer bees (D:5)
  An oklob sapling (D:5)
  3 howler monkeys
  2 bullfrog zombies (Ossuary)
  3 centaur zombies
  4 hounds
  A jelly (D:6)
  Crazy Yiuf (D:4)
  2 orc priests
  4 iguanas
  5 orc wizards
  3 scorpion zombies (Ossuary)
  2 ogre zombies (Ossuary)
  7 adders
  3 shadow imps
  An ufetubus (D:6)
  An adder zombie (Ossuary)
  3 dart slugs
  29 orcs
  6 ball pythons
  5 bats
  4 endoplasms
  4 giant cockroaches
  3 gnoll zombies (Ossuary)
  5 goblins
  7 hobgoblins
  4 jackals (D:2)
  4 quokkas
  6 goblin zombies (Ossuary)
  4 hobgoblin zombies (Ossuary)
  11 kobolds
  An orc zombie (Ossuary)
  2 rats
204 creatures vanquished.

Notes
Turn   | Place    | Note
-------+----------+-------------------------------------------
     0 | D:1      | SnakkuSnakku7 the Vampire Hedge Wizard began the quest for
                  | the Orb.
     0 | D:1      | Reached XP level 1. HP: 13/13 MP: 4/4
   183 | D:1      | Reached skill level 1 in Unarmed Combat
   199 | D:1      | Found Hibaro Ediv's Distillery.
   248 | D:1      | Reached skill level 1 in Fighting
   248 | D:1      | Reached XP level 2. HP: 21/21 MP: 6/6
   260 | D:1      | Bought a potion of degeneration for 10 gold pieces
   356 | D:1      | Found a faded altar of an unknown god.
   824 | D:2      | Gained mutation: You are afflicted with vampirism and can
                  | become a bat while bloodless. [Vampire growth]
   824 | D:2      | Reached XP level 3. HP: 26/26 MP: 7/7
  1473 | D:1      | Bought a potion of heal wounds for 50 gold pieces
  1523 | D:3      | Reached XP level 4. HP: 32/33 MP: 8/8
  1818 | D:3      | Found an ancient bone altar of Kikubaaqudgha.
  1861 | D:3      | Found a sacrificial altar of Ru.
  1883 | D:3      | Became a worshipper of Ru the Awakened
  2187 | D:4      | Found a runed translucent gate.
  2187 | D:4      | Found a runed translucent gate.
  2187 | D:4      | Found a runed translucent gate.
  2188 | D:4      | Noticed a kobold brigand
  2188 | D:4      | Noticed Voxie's ghost (amateur GrBe)
  2425 | D:3      | Reached skill level 1 in Throwing
  2425 | D:3      | Reached XP level 5. HP: 26/39 MP: 9/9
  2738 | D:4      | Found a runed translucent door.
  2738 | D:4      | Identified the +5 hammer "Gram" {elec, rElec}
  2741 | D:4      | Noticed Crazy Yiuf
  2746 | D:4      | Killed Crazy Yiuf
  2842 | D:4      | Reached skill level 1 in Maces & Flails
  2842 | D:4      | Reached XP level 6. HP: 44/45 MP: 10/10
  2976 | D:4      | Found a burning altar of Makhleb.
  3107 | D:5      | Entered Level 5 of the Dungeon
  3211 | D:5      | Found Seumugiudgha's Distillery.
  3219 | D:5      | Bought a potion of heal wounds for 65 gold pieces
  3417 | D:5      | Reached skill level 2 in Maces & Flails
  3466 | D:5      | Reached skill level 3 in Maces & Flails
  3577 | D:5      | Reached XP level 7. HP: 32/51 MP: 11/11
  3586 | D:5      | Reached skill level 4 in Maces & Flails
  3775 | D:5      | Noticed Pikel
  4087 | D:6      | Reached skill level 5 in Maces & Flails
  4332 | D:6      | Reached XP level 8. HP: 54/57 MP: 12/12
  4341 | D:6      | Reached skill level 6 in Maces & Flails
  4465 | D:6      | Reached skill level 7 in Maces & Flails
  4616 | D:6      | Gained mutation: You are missing an eye, making it more
                  | difficult to aim. [Ru sacrifice]
  4616 | D:6      | Reached * piety under Ru
  4945 | D:7      | Found a transporter.
  4979 | D:5      | Noticed Grinder
  4982 | D:5      | Paralysed by Grinder for 3 turns
  4995 | D:5      | Killed Grinder
  4996 | D:5      | Reached skill level 8 in Maces & Flails
  4996 | D:5      | Reached XP level 9. HP: 58/62 MP: 13/13
  5026 | D:5      | Identified the +4 halberd of Context {freeze, rN+ Int+2}
  5181 | D:5      | Killed Pikel
  5208 | D:5      | Reached skill level 9 in Maces & Flails
  5329 | D:5      | Found a staircase to the Ecumenical Temple.
  5666 | D:7      | Found a transporter.
  5890 | D:7      | Noticed LobsterGuardian's ghost (novice HOMo)
  5931 | D:8      | Noticed Amaemon
  5931 | D:8      | Noticed an orange demon
  5934 | D:8      | Noticed Psyche
  6040 | D:8      | Identified the +10 quarterstaff "Sesutan" {pain, rElec
                  | Str+2 Int+3}
  6099 | D:8      | Killed Amaemon
  6100 | D:8      | Reached skill level 10 in Maces & Flails
  6145 | D:8      | Killed an orange demon
  6332 | D:8      | Found a sand-covered staircase.
  6336 | Ossuary  | Entered an ossuary
  6433 | Ossuary  | Reached XP level 10. HP: 63/68 MP: 14/14
  6474 | Ossuary  | Reached skill level 11 in Maces & Flails
  6704 | D:1      | Bought a potion of heal wounds for 50 gold pieces
  6704 | D:1      | Bought a potion of curing for 30 gold pieces
  6704 | D:1      | Bought a potion of lignification for 30 gold pieces
  6788 | D:5      | Bought a potion of curing for 39 gold pieces
  6867 | D:8      | Killed Psyche
  6986 | D:8      | Found a staircase to the Lair.
  7050 | D:8      | Reached skill level 12 in Maces & Flails
  7198 | D:8      | Gained mutation: You cannot study or use magical devices.
                  | [Ru sacrifice]
  7198 | D:8      | Reached ** piety under Ru
  7198 | D:8      | Reached *** piety under Ru
  7307 | D:8      | Found an iron altar of Okawaru.
  7616 | D:8      | Paralysed by a hornet for 2 turns
  7778 | D:9      | Found a hide-covered altar of Uskayaw.
  8147 | D:9      | Reached skill level 13 in Maces & Flails
  8286 | D:10     | Entered Level 10 of the Dungeon
  8286 | D:10     | Noticed Snorg
  8342 | D:10     | Noticed a two-headed ogre
  8354 | D:10     | Killed a two-headed ogre
  8355 | D:10     | Reached XP level 11. HP: 73/73 MP: 15/15
  8396 | D:10     | Noticed a two-headed ogre
  8457 | D:10     | Noticed Fannar
  8460 | D:10     | HP: 3/69 [two-headed ogre/the +10 dark maul {heavy} (4)]
  8487 | D:10     | Killed a two-headed ogre
  8516 | D:10     | HP: 1/108 [Fannar/staff of cold (13)]
  8523 | D:10     | Slain by Fannar

Illustrated notes

Levels and vault maps discovered:
D:1:      spicycebolla_green_bress_n_ham_2, layout_loops_ring, serial_shops,
          nicolae_shop_pleasant_corner_grove, nicolae_ecumenical_snake_handling
D:2:      layout_loops_ring, minmay_misc_feat_room, minmay_vboxes
D:3:      layout_basic, nicolae_ru_awakened_eye,
          nicolae_kikubaaqudgha_miasma_corner, chequers_serial_rivers_marsh,
          minmay_tree_intersection, minmay_crystal_water
D:4:      layout_loops_ring, overflow_temple_1_default,
          gammafunk_ghost_nasty_kobolds, minmay_strange_pillars,
          uniq_crazy_yiuf_cottage
D:5:      layout_basic, minmay_temple_entry_oklob, serial_shops, shop,
          uniq_pikel, uniq_grinder
D:6:      layout_basic, minmay_between
D:7:      layout_cave_pools, gammafunk_ghost_stat_death,
          ebering_dispersal_statue_hall
D:8:      layout_basic, pf_just_have_faith, due_lair_maze_entry_diamond,
          nicolae_ossuary_entry_false_entrances, uniq_psyche, uniq_amaemon
D:9:      layout_basic, lemuel_crystal_altar, serial_undead, serial_undead_f,
          serial_undead_c, serial_undead_c, serial_undead_e
D:10:     layout_cave_pools, nicolae_dithmenos_shadow_blocks,
          gammafunk_ghost_spectres, serial_shops, shop,
          minmay_misc_feat_pillars, hellmonk_guarded_unrand_dark_maul,
          uniq_snorg, uniq_josephine, uniq_grum, uniq_fannar

Skill      XL: |  1  2  3  4  5  6  7  8  9 10 |
---------------+-------------------------------+-----
Unarmed Combat | 1 2 3 4 |  4.1
Fighting       | 1 2 |  2.3
Throwing       | 1 2 |  2.7
Maces & Flails | 1 3 5 8 10 13 | 13.5
Dodging        | |  2.1
Stealth        | |  3.0
Spellcasting   | |  3.0
Conjurations   | |  0.6
Summonings     | |  1.0
Translocations | |  0.7

Action                     |  1- 3 |  4- 6 |  7- 9 | 10-12 || total
---------------------------+-------+-------+-------+-------++-------
  Melee: Dagger            |    59 |       |       |       ||    59
         Bite              |    13 |    29 |    24 |    26 ||    92
         Unarmed           |    83 |   205 |       |       ||   288
         Punch             |     1 |     5 |     9 |     7 ||    22
         Mace              |       |    50 |   281 |   259 ||   590
  Throw: Dart              |       |     5 |     6 |    23 ||    34
 Invoke: Sacrifice an Eye  |       |       |     1 |       ||     1
         Sacrifice Artific |       |       |       |     1 ||     1
         Draw Out Power    |       |       |       |     2 ||     2
  Evoke: Wand              |       |       |    12 |     4 ||    16
    Use: Scroll            |       |       |    10 |    11 ||    21
         Potion            |       |       |     5 |     9 ||    14
   Stab: Sleeping          |     9 |       |       |       ||     9
         Invisible         |       |       |     2 |     2 ||     4
         Paralysed         |       |       |     2 |       ||     2
         Distracted        |       |       |     1 |     1 ||     2
 Armour: Robe              |     1 |       |       |       ||     1
         Scale mail        |    23 |       |       |       ||    23
         Plate armour      |    40 |   201 |   290 |   145 ||   676
         Skin              |       |       |    17 |       ||    17
  Dodge: Dodged            |    45 |    30 |   108 |    48 ||   231
